 Dungeon Crawl Stone Soup version 0.28.0-45-g0d030f2227 (webtiles) character file.

Game seed: 13896863784808929761

4602 Cykl0x the Magician (level 10, -8/72 HPs)
             Began as a Djinni Conjurer on Apr 5, 2022.
             Was an Initiate of the Shining One.
             Mangled by a komodo dragon (16 damage)
             ... on level 8 of the Dungeon.
             The game lasted 00:22:18 (12431 turns).

Cykl0x the Magician (Djinni Conjurer)              Turns: 12431, Time: 00:22:18

Health: -8/72      AC: 12    Str: 22    XL:     10   Next: 69%
Gold:   303        EV: 13    Int: 21    God:    the Shining One [......] SH:  5 Dex: 11

rFire   + + .      SeeInvis .   v - +0 long sword
rCold   x . .      Faith    .   (no shield)
rNeg    . . .      Spirit   .   C - +1 acid dragon scales
rPois   ∞          Reflect  +   (helmet currently unavailable)
rElec   .          Harm     .   p - +2 cloak
rCorr   +          Rampage  .   D - +0 pair of gloves
Will    +....                   (boots unavailable)
Stlth   +.........              r - amulet of reflection
HPRegen 0.22/turn               h - +6 ring of strength
MPRegen 0.00/turn               q - +6 ring of strength

@: appendages, flying, glowing
A: horns 2, flying, sickness immunity, fire resistance 2, cold vulnerability 1,
float, innate caster, HP casting, extra vitality 1
a: End Transformation, Renounce Religion


You were on level 8 of the Dungeon.
You worshipped the Shining One.
The Shining One was noncommittal.
You had temporarily grown beastly horns.
You visited 2 branches of the dungeon, and saw 9 of its levels.

You collected 303 gold pieces.

Inventory:

Hand Weapons
 b - a +0 mace
 e - a +4 dagger of speed
 v - a +0 long sword (weapon)
Missiles
 F - a throwing net
Armour
 a - a +0 robe
 f - a +1 leather armour
 p - a +2 cloak (worn)
 w - +0 steam dragon scales
 z - the +0 leather armour "Xekyesyfe" {rElec MP+9 Int-3 Slay+5}
   (You took it off an orc wizard on level 6 of the Dungeon)

   Int:       It affects your intelligence (-3).
   Slay:      It affects your accuracy & damage with ranged weapons and melee
   (+5).
   rElec:     It insulates you from electricity.
   MP:        It affects your magic capacity (+9).
 C - +1 acid dragon scales (worn)
 D - a +0 pair of gloves (worn)
 E - a +0 helmet (melded)
Jewellery
 h - a +6 ring of strength (left hand)
 q - a +6 ring of strength (right hand)
 r - an amulet of reflection (around neck)
Wands
 s - a wand of charming (7)
 x - a wand of flame (6)
 A - a wand of iceblast (7)
 B - a wand of paralysis (18)
 I - a wand of acid (2)
Scrolls
 c - 2 scrolls of fog
 l - 4 scrolls of teleportation
 m - a scroll of summoning
 n - a scroll of enchant armour
 u - 2 scrolls of fear
 y - 5 scrolls of identify
Potions
 d - a potion of degeneration
 g - 2 potions of flight
 i - 5 potions of curing
 j - a potion of magic
 k - a potion of haste {unknown}
 o - a potion of attraction {unknown}
 t - a potion of lignification {unknown}
 G - a potion of resistance {unknown}
 H - a potion of might {unknown}


   Skills:
 * Level 6.2 Fighting
 - Level 3.7(4.0) Short Blades
 + Level 2.2(3.3) Long Blades
 + Level 0.2 Maces & Flails
 + Level 5.2 Armour
 + Level 5.8 Dodging
 + Level 3.8 Stealth
 + Level 1.9 Shields
 + Level 7.1 Spellcasting
 * Level 3.2 Invocations


You had one spell level left.
You knew the following spells:

 Your Spells              Type           Power      Damage    Failure   Level
a - Magic Dart            Conj           100%       1d8       1%          1
b - Searing Ray           Conj           74%        2d7       1%          2
c - Dazzling Flash        Conj/Hex       74%        N/A       1%          3
d - Fulminant Prism       Conj/Hex       18%        3d11      5%          4
e - Iskenderun's Mystic   Conj/Tloc      37%        2d9       5%          4
f - Beastly Appendage     Tmut           74%        N/A       1%          1
g - Ensorcelled Hibernat  Hex/Ice        74%        N/A       1%          2
h - Poisonous Vapours     Pois/Air       74%        N/A       1%          2
i - Tukima's Dance        Hex            37%        N/A       1%          3
Your spell library was empty.

Dungeon Overview and Level Annotations

Branches:
Dungeon (8/15)             Temple (1/1) D:6
   Lair: D:8-11

Altars:
Ashenzari
Cheibriados
Dithmenos
Fedhas
Gozag
Hepliaklqana
Makhleb
Nemelex Xobeh
Okawaru
Qazlal
Ru
Sif Muna
Trog
Uskayaw
Vehumet
Xom
Yredelemnul
Zin
The Shining One

Shops:
D:6 [


Innate Abilities, Weirdness & Mutations

You have temporarily grown beastly horns.
You are flying.
You are immune to sickness and miasma.
You are immune to poison.
Your flesh is very heat resistant. (rF++)
You are vulnerable to cold. (rC-)
You float through the air rather than walking.
You learn spells naturally, not from books.
Your magical power is your life essence.
You have superior vitality. (+4 MHP)


Message History

The komodo dragon bites you!
You hit the komodo dragon but do no damage.
Your headbutt misses the komodo dragon.
The komodo dragon is heavily wounded.
The komodo dragon bites you but does no damage.
You hit the komodo dragon but do no damage.
The komodo dragon is heavily wounded.
The komodo dragon barely misses you.
You hit the komodo dragon but do no damage.
You headbutt the komodo dragon.
The komodo dragon is heavily wounded.
The komodo dragon bites you!
You hit the komodo dragon but do no damage.
You headbutt the komodo dragon, but do no damage.
The komodo dragon is heavily wounded.
The komodo dragon bites you!
* * * LOW HITPOINT WARNING * * *
The komodo dragon closely misses you.
You barely miss the komodo dragon.
The komodo dragon is heavily wounded.
The komodo dragon bites you.
* * * LOW HITPOINT WARNING * * *
You hit the komodo dragon but do no damage.
The komodo dragon is heavily wounded.
You block the komodo dragon's attack.
Casting: Ensorcelled Hibernation (safe; 1% risk of failure)
Confirm with . or Enter, or press ? or * to list all spells.
Aiming: Searing Ray (safe; 1% risk of failure)
Press: ? - help, Shift-Dir - straight line, f/p - komodo dragon
Aim: a komodo dragon (heavily wounded, 86% to hit)
The searing ray hits the komodo dragon.
The komodo dragon is heavily wounded. (Press . to maintain the ray.)
* * * LOW HITPOINT WARNING * * *
The komodo dragon closely misses you.
The searing ray hits the komodo dragon.
The komodo dragon is severely wounded.
* * * LOW HITPOINT WARNING * * *
The komodo dragon bites you!
You die...

#####....#######...#
#..# # #
#..............##
#..# ##
##........#####..##
#..# ##. #........##
##..# #..# #..
##.....#### ####
#### ### ###.....##
#......## ##
..###.## ####.####
### #..#####.###@l.#
#
##.#.....(..###...#
#...#####.## #.. #
##.## ### ## #..#
.### ##.# ...####..#
######### #####
#.......##
#.......## ##....
##......#
#........######.....


You could see a komodo dragon.

Vanquished Creatures
  Pikel (D:8)
  2 hornets
  A wyvern (D:8)
  A steam dragon (D:6)
  Menkaure (D:7)
  A water moccasin (D:8)
  2 ice beasts (D:7)
  An orc warrior (D:6)
  2 black bears
  2 necrophages (D:6)
  An ogre (D:4)
  A centaur (D:5)
  2 phantoms
  Blork the orc (D:5)
  A kobold brigand (D:6)
  2 bullfrogs (D:8)
  2 scorpions (D:6)
  A water moccasin skeleton (D:4)
  4 killer bees (D:8)
  2 centaur zombies
  A bullfrog zombie (D:7)
  An orc priest (D:5)
  2 bullfrog skeletons
  2 centaur skeletons
  3 iguanas
  2 orc wizards
  A hound skeleton (D:4)
  A howler monkey zombie (D:6)
  9 gnolls
  13 adders
  2 white imps
  3 ufetubi
  An adder skeleton (D:2)
  2 dart slugs
  12 orcs
  4 bats
  9 endoplasms
  2 giant cockroaches
  7 goblins
  6 hobgoblins
  4 jackals (D:2)
  4 quokkas
  6 ball pythons
  6 frilled lizards
  47 kobolds
  5 rats
186 creatures vanquished.

Vanquished Creatures (collateral kills)
  Harold (D:7)
  Maggie (D:7)
  An ogre (D:7)
3 creatures vanquished.

Vanquished Creatures (others)
  A dancing weapon (D:8)
  A howler monkey zombie (D:6)
  5 fulminant prisms
7 creatures vanquished.

Grand Total: 196 creatures vanquished

Notes
Turn   | Place    | Note
-------+----------+-------------------------------------------
     0 | D:1      | Cykl0x the Djinni Conjurer began the quest for the Orb.
     0 | D:1      | Reached XP level 1. HP: 15/15 MP: 0/0
   280 | D:1      | Reached XP level 2. HP: 4/21 MP: 0/0
   598 | D:1      | Reached XP level 3. HP: 24/25 MP: 0/0
   598 | D:1      | Learned a level 1 spell: Beastly Appendage
   819 | D:1      | You are sucked into a shaft and drop 1 floor!
   824 | D:2      | Reached skill level 4 in Spellcasting
  1054 | D:2      | Reached XP level 4. HP: 23/31 MP: 0/0
  2017 | D:3      | Reached XP level 5. HP: 18/35 MP: 0/0
  2017 | D:3      | Learned a level 2 spell: Ensorcelled Hibernation
  2019 | D:3      | Reached skill level 1 in Fighting
  3044 | D:3      | Reached skill level 1 in Short Blades
  3044 | D:3      | Reached XP level 6. HP: 9/42 MP: 0/0
  3451 | D:3      | Reached skill level 1 in Armour
  4811 | D:4      | Reached XP level 7. HP: 40/49 MP: 0/0
  4811 | D:4      | Learned a level 2 spell: Poisonous Vapours
  4971 | D:4      | Reached skill level 5 in Spellcasting
  5975 | D:5      | Entered Level 5 of the Dungeon
  6369 | D:5      | Reached XP level 8. HP: 32/55 MP: 0/0
  6842 | D:5      | Noticed Blork the orc
  6852 | D:5      | Killed Blork the orc
  7610 | D:6      | Found a staircase to the Ecumenical Temple.
  7699 | D:6      | Reached XP level 9. HP: 25/62 MP: 0/0
  7699 | D:6      | Learned a level 3 spell: Tukima's Dance
  7935 | D:6      | Found a stormy altar of Qazlal.
  7935 | D:6      | Found a broken altar of Ashenzari.
  7936 | D:6      | Found a sparkling altar of Nemelex Xobeh.
  8013 | D:6      | Reached skill level 6 in Spellcasting
  8062 | D:6      | Found Qaheuf's Antique Armour Emporium.
  8194 | D:6      | Identified the +0 leather armour "Xekyesyfe" {rElec MP+9
                  | Int-3 Slay+5}
  8711 | D:7      | Noticed Maggie
  8712 | D:7      | Paralysed by Maggie for 5 turns
  8726 | D:7      | Killed Maggie
  8884 | Temple   | Entered the Ecumenical Temple
  9087 | Temple   | Became a worshipper of the Shining One
  9281 | D:7      | Found a hazy altar of Hepliaklqana.
  9362 | D:7      | Reached skill level 5 in Fighting
  9447 | D:7      | Reached skill level 1 in Invocations
  9702 | D:7      | Found a blossoming altar of Fedhas.
  9715 | D:7      | Found a hide-covered altar of Uskayaw.
  9716 | D:7      | Noticed Harold
  9735 | D:7      | Killed Harold
  9736 | D:7      | Reached skill level 1 in Long Blades
  9736 | D:7      | Reached skill level 1 in Shields
  9736 | D:7      | Reached XP level 10. HP: 11/70 MP: 0/0
 10024 | D:7      | Found a snail-covered altar of Cheibriados.
 10024 | D:7      | Found a glowing silver altar of Zin.
 10031 | D:7      | Found an opulent altar of Gozag.
 10051 | D:7      | Reached skill level 5 in Dodging
 10051 | D:7      | Reached skill level 7 in Spellcasting
 10215 | D:7      | Noticed Menkaure
 10223 | D:7      | Killed Menkaure
 10605 | D:8      | Reached skill level 5 in Armour
 11654 | D:8      | Noticed Pikel
 11665 | D:8      | Killed Pikel
 12414 | D:8      | Noticed a komodo dragon
 12431 | D:8      | Mangled by a komodo dragon

Illustrated notes

Levels and vault maps discovered:
D:1:      scummos_arrival_simple_fountains, layout_basic,
          shapermc_ecumenical_altar_notcrosses
D:2:      layout_rooms, dk_noncrumbling_3
D:3:      minmay_goblin_kobold_castle, layout_loops_corners
D:4:      layout_basic
D:5:      minmay_recursive_quarters, layout_loops_ring, chequers_mini_garden,
          solitary_fountain, uniq_blork_the_orc
D:6:      layout_basic, chequers_temple_overflow_statue_of_worship,
          minmay_temple_entry_from_below_a, serial_shops, kennysheep_mini
D:7:      layout_loops_ring, mainiacjoe_overflow_six_doors_small,
          nicolae_overflow_hallway_of_the_gods, vehumet_crystals, uniq_maggie,
          uniq_harold, uniq_menkaure
D:8:      layout_layer_cave, erik_lair_dragon, uniq_pikel
Temple:   jpeg_temple_island

Skill      XL: |  1  2  3  4  5  6  7  8  9 10 |
---------------+-------------------------------+-----
Spellcasting   | 4 5 6 7 |  7.1
Fighting       | 1 2 4 5 6 |  6.2
Stealth        | 2 3 |  3.8
Short Blades   | 1 2 3 |  3.7
Armour         | 1 2 4 5 |  5.2
Dodging        | 3 4 5 |  5.8
Invocations    | 2 3 |  3.2
Long Blades    | 1 2 |  2.2
Shields        | 1 |  1.9
Maces & Flails | |  0.2

Action                   |  1- 3 |  4- 6 |  7- 9 | 10-12 || total
-------------------------+-------+-------+-------+-------++-------
Melee: Mace              |     6 |       |       |       ||     6
       Dagger            |     3 |    79 |    73 |       ||   155
       Headbutt          |     1 |     9 |     9 |     9 ||    28
       Punch             |     1 |       |     3 |       ||     4
       Long sword        |       |       |    28 |    78 ||   106
 Cast: Magic Dart        |    32 |    84 |    73 |    13 ||   202
       Searing Ray       |     3 |    12 |    27 |    11 ||    53
       Beastly Appendage |     4 |     7 |     9 |     6 ||    26
       Fulminant Prism   |       |     1 |     2 |     2 ||     5
       Iskenderun's Myst |       |     1 |       |       ||     1
       Ensorcelled Hiber |       |       |     3 |     2 ||     5
       Tukima's Dance    |       |       |     4 |     1 ||     5
  Use: Scroll            |       |    10 |     4 |     2 ||    16
       Potion            |       |     2 |       |       ||     2
 Stab: Sleeping          |       |     1 |     2 |       ||     3
Armor: Robe              |     7 |     1 |       |       ||     8
       Leather armour    |       |    20 |    35 |       ||    55
       Acid dragon scale |       |       |    13 |    45 ||    58
       Steam dragon scal |       |       |     4 |       ||     4
Dodge: Dodged            |    13 |    54 |    81 |    81 ||   229
Block: Other             |       |       |    17 |    29 ||    46
       Reflection        |       |       |     1 |       ||     1
